| TOP OF THE 1ST |
|
Pittsburgh Pirates batting - Pitching for San Francisco Giants : LHP Tyler Stancil
|
|
Pitching: LHP Tyler Stancil
|
|
|
Batting: RHB Andrew Robinson
|
0-0: Ball 1-0: Called Strike 1-1: Ball 2-1: Foul Ball, location: 2F 2-2: Strikes out swinging
|
|
Batting: RHB Bubba Tierney
|
0-0: Ground out 4-3 (Groundball, 4, EV 93.8 MPH)
|
|
Batting: SHB Marvin McAleer
|
0-0: Ball 1-0: Called Strike 1-1: Ball 2-1: Foul Ball, location: 2F 2-2: SINGLE (Groundball, 6MD, EV 84.4 MPH) (infield hit)
|
|
Batting: RHB David Contreras
|
0-0: Called Strike 0-1: Ball 1-1: Ball 2-1: Swinging Strike 2-2: Foul Ball, location: 2F 2-2: Ball 3-2: Base on Balls Marvin McAleer to second
|
|
Batting: RHB Jorge Severiano
|
0-0: Foul Ball, location: 2F 0-1: Ball 1-1: Foul Ball, location: 2F 1-2: Fly out, F8 (Flyball, 8LXD, EV 85.0 MPH)
|
| Top of the 1st over - 0 runs, 1 hit, 0 errors, 2 left on base; Pittsburgh 0 - San Francisco 0 |
| BOTTOM OF THE 1ST |
|
San Francisco Giants batting - Pitching for Pittsburgh Pirates : RHP Josh Markham
|
|
Pitching: RHP Josh Markham
|
|
|
Batting: RHB Nick Rigden
|
0-0: Swinging Strike 0-1: DOUBLE (Flyball, 89D, EV 96.2 MPH)
|
|
Batting: RHB Nate Hodson
|
0-0: Called Strike 0-1: Called Strike 0-2: Ball 1-2: Strikes out looking
|
|
Batting: LHB Carey Horncole
|
0-0: Ball 1-0: Ball 2-0: Ball 3-0: Called Strike 3-1: Foul Ball, location: 2F 3-2: Foul Ball, location: 2F 3-2: Foul Ball, location: 2F 3-2: Strikes out swinging
|
|
Batting: SHB Ryan Doss
|
0-0: Ball 1-0: Called Strike 1-1: Foul Ball, location: 2F 1-2: Ball 2-2: Ball 3-2: Strikes out swinging
|
| Bottom of the 1st over - 0 runs, 1 hit, 0 errors, 1 left on base; Pittsburgh 0 - San Francisco 0 |
| TOP OF THE 2ND |
|
Pittsburgh Pirates batting - Pitching for San Francisco Giants : LHP Tyler Stancil
|
|
Batting: LHB Xavier Pittman
|
0-0: Foul Ball, location: 2F 0-1: Ball 1-1: Ball 2-1: Swinging Strike 2-2: Ball 3-2: Strikes out swinging
|
|
Batting: LHB Chris Salim
|
0-0: Called Strike 0-1: Ground out 4-3 (Groundball, 34, EV 84.4 MPH)
|
|
Batting: LHB Sammy Roddenberry
|
0-0: Called Strike 0-1: SINGLE (Groundball, 25, EV 67.5 MPH) (infield hit)
|
|
Batting: SHB Trevor Weareorwear
|
0-0: Ball 1-0: Ball 2-0: Called Strike 2-1: Foul Ball, location: 2F 2-2: Ball Sammy Roddenberry is caught stealing 2nd base 2-4
|
| Top of the 2nd over - 0 runs, 1 hit, 0 errors, 0 left on base; Pittsburgh 0 - San Francisco 0 |
| BOTTOM OF THE 2ND |
|
San Francisco Giants batting - Pitching for Pittsburgh Pirates : RHP Josh Markham
|
|
Batting: SHB Bill Dooms
|
0-0: Called Strike 0-1: SOLO HOME RUN (Line Drive, 89XD, EV 108.1 MPH), Distance : 423 ft
|
|
Batting: LHB John Blair
|
0-0: Ball 1-0: Called Strike 1-1: Swinging Strike 1-2: Strikes out swinging
|
|
Batting: LHB Kevin Kantor
|
0-0: Ball 1-0: Foul Ball, location: 2F 1-1: Foul Ball, location: 2F 1-2: Ground out U3 (Groundball, 3, EV 101.2 MPH)
|
|
Batting: LHB Jared Paige
|
0-0: Foul Ball, location: 2F 0-1: Foul Ball, location: 2F 0-2: Strikes out swinging
|
| Bottom of the 2nd over - 1 run, 1 hit, 0 errors, 0 left on base; Pittsburgh 0 - San Francisco 1 |
| TOP OF THE 3RD |
|
Pittsburgh Pirates batting - Pitching for San Francisco Giants : LHP Tyler Stancil
|
|
Batting: SHB Trevor Weareorwear
|
0-0: Swinging Strike 0-1: Ball 1-1: Ball 2-1: Foul Ball, location: 2F 2-2: Strikes out swinging
|
|
Batting: RHB Andrew Robinson
|
0-0: Called Strike 0-1: Ball 1-1: Ball 2-1: Fly out, F8 (Flyball, 8RM, EV 91.9 MPH)
|
|
Batting: RHB Bubba Tierney
|
0-0: Ball 1-0: Called Strike 1-1: Ball 2-1: Foul Ball, location: 2F 2-2: Foul Ball, location: 2F 2-2: Foul Ball, location: 2F 2-2: Foul Ball, location: 2F 2-2: Ball 3-2: Fly out, F7 (Flyball, 78M, EV 88.8 MPH)
|
| Top of the 3rd over - 0 runs, 0 hits, 0 errors, 0 left on base; Pittsburgh 0 - San Francisco 1 |
| BOTTOM OF THE 3RD |
|
San Francisco Giants batting - Pitching for Pittsburgh Pirates : RHP Josh Markham
|
|
Batting: RHB Tyler Mapes
|
0-0: Foul Ball, location: 2F 0-1: Swinging Strike 0-2: Ball 1-2: Ball 2-2: Ground out 5-3 (Groundball, 25, EV 86.2 MPH)
|
|
Batting: RHB Nick Rigden
|
0-0: Called Strike 0-1: Foul Ball, location: 2F 0-2: Strikes out looking
|
|
Batting: RHB Nate Hodson
|
0-0: Ball 1-0: Ball 2-0: Foul Ball, location: 2F 2-1: SINGLE (Flyball, 8LS, EV 94.4 MPH)
|
|
Pitching: RHP Doug Rawson
|
|
|
Batting: LHB Carey Horncole
|
0-0: Ball 1-0: Foul Ball, location: 2F 1-1: Called Strike 1-2: Ball 2-2: 2-RUN HOME RUN (Flyball, 9LD, EV 92.5 MPH), Distance : 355 ft
|
|
Batting: SHB Ryan Doss
|
0-0: Swinging Strike 0-1: Ball 1-1: Foul Ball, location: 2F 1-2: Strikes out looking
|
| Bottom of the 3rd over - 2 runs, 2 hits, 0 errors, 0 left on base; Pittsburgh 0 - San Francisco 3 |
| TOP OF THE 4TH |
|
Pittsburgh Pirates batting - Pitching for San Francisco Giants : LHP Tyler Stancil
|
|
Pitching: LHP Adam Ody
|
|
|
Batting: SHB Marvin McAleer
|
0-0: Ball 1-0: SINGLE (Line Drive, 7S, EV 98.8 MPH)
|
|
Batting: RHB David Contreras
|
0-0: Called Strike Marvin McAleer is caught stealing 2nd base 2-4 0-1: Ball 1-1: Called Strike 1-2: Ball 2-2: Ball 3-2: Strikes out swinging
|
|
Batting: RHB Jorge Severiano
|
0-0: Called Strike 0-1: Ball 1-1: Foul Ball, location: 2F 1-2: Ball 2-2: Ball 3-2: Hit by Pitch
|
|
Batting: LHB Xavier Pittman
|
0-0: Foul Ball, location: 2F 0-1: DOUBLE (Flyball, 8RXD, EV 107.5 MPH) Jorge Severiano to third Runner from 3rd tries for Home, SAFE, throw by CF to home
|
|
Batting: LHB Chris Salim
|
0-0: Called Strike 0-1: 2-RUN HOME RUN (Flyball, 89XD, EV 103.1 MPH), Distance : 413 ft
|
|
Pitching: RHP Jim Sprayberry
|
|
|
Batting: LHB Sammy Roddenberry
|
0-0: Called Strike 0-1: Ball 1-1: Ball 2-1: Ball 3-1: Swinging Strike 3-2: Base on Balls
|
|
Batting: SHB Trevor Weareorwear
|
0-0: Called Strike Sammy Roddenberry steals 2nd base 0-1: Ball 1-1: DOUBLE (Line Drive, 7LM, EV 98.8 MPH) Sammy Roddenberry scores
|
|
Batting: RHB Andrew Robinson
|
0-0: Ball 1-0: Called Strike 1-1: Ball 2-1: Ball 3-1: Foul Ball, location: 2F 3-2: Foul Ball, location: 2F 3-2: Foul Ball, location: 2F 3-2: Foul Ball, location: 2F 3-2: Base on Balls
|
|
Batting: RHB Bubba Tierney
|
0-0: Fielders Choice at 2nd, 6-4 (Groundball, 6, EV 80.0 MPH)
|
| Top of the 4th over - 4 runs, 4 hits, 0 errors, 2 left on base; Pittsburgh 4 - San Francisco 3 |
| BOTTOM OF THE 4TH |
|
San Francisco Giants batting - Pitching for Pittsburgh Pirates : RHP Doug Rawson
|
|
Batting: SHB Bill Dooms
|
0-0: Foul Ball, location: 2F 0-1: Called Strike 0-2: Ball 1-2: Ball 2-2: SINGLE (Groundball, 4M, EV 101.2 MPH) (infield hit)
|
|
Batting: LHB John Blair
|
0-0: Called Strike 0-1: Ball 1-1: SINGLE (Line Drive, 9S, EV 108.8 MPH) Bill Dooms to second
|
|
Batting: LHB Kevin Kantor
|
0-0: Foul Ball, location: 2F 0-1: Ball 1-1: Called Strike 1-2: Grounds into double play, 5-4-3 (Groundball, 56, EV 108.1 MPH) Bill Dooms to third
|
|
Batting: LHB Jared Paige
|
0-0: Called Strike 0-1: Ball 1-1: 2-RUN HOME RUN (Line Drive, 7D, EV 112.5 MPH), Distance : 420 ft
|
|
Batting: RHB Tyler Mapes
|
0-0: Called Strike 0-1: Foul Ball, location: 2F 0-2: Ball 1-2: Strikes out swinging
|
| Bottom of the 4th over - 2 runs, 3 hits, 0 errors, 0 left on base; Pittsburgh 4 - San Francisco 5 |
| TOP OF THE 5TH |
|
Pittsburgh Pirates batting - Pitching for San Francisco Giants : RHP Jim Sprayberry
|
|
Now at 2B: Sean Zielinski
|
|
|
Now at 3B: Nick Wicker
|
|
|
Now at SS: Ryan Doss
|
|
|
Pinch Hitting: RHB Jason Moss
|
0-0: Ball 1-0: Fly out, F9 (Flyball, 9, EV 90.0 MPH)
|
|
Pinch Hitting: SHB Brad Day
|
0-0: Ball 1-0: Foul Ball, location: 2F 1-1: Called Strike 1-2: Ground out 4-3 (Groundball, 4, EV 85.6 MPH)
|
|
Pinch Hitting: RHB Eisse Bravenboer
|
0-0: Ground out 5-3 (Groundball, 56, EV 101.9 MPH)
|
| Top of the 5th over - 0 runs, 0 hits, 0 errors, 0 left on base; Pittsburgh 4 - San Francisco 5 |
| BOTTOM OF THE 5TH |
|
San Francisco Giants batting - Pitching for Pittsburgh Pirates : RHP Doug Rawson
|
|
Now at 1B: Eisse Bravenboer
|
|
|
Now at 3B: Brad Day
|
|
|
Now in LF: Jason Moss
|
|
|
Pinch Hitting: LHB Ryan Braden
|
0-0: Ball 1-0: Called Strike 1-1: Ball 2-1: Ball 3-1: Called Strike 3-2: Foul Ball, location: 2F 3-2: Strikes out looking
|
|
Batting: RHB Sean Zielinski
|
0-0: Swinging Strike 0-1: Called Strike 0-2: Ball 1-2: Foul Ball, location: 2F 1-2: Ball 2-2: Fly out, F6 (Popup, 6, EV 74.4 MPH)
|
|
Batting: RHB Nick Wicker
|
0-0: Called Strike 0-1: Foul Ball, location: 2F 0-2: Strikes out swinging
|
| Bottom of the 5th over - 0 runs, 0 hits, 0 errors, 0 left on base; Pittsburgh 4 - San Francisco 5 |
| TOP OF THE 6TH |
|
Pittsburgh Pirates batting - Pitching for San Francisco Giants : RHP Jim Sprayberry
|
|
Now at C: John Creel
|
|
|
Now at 1B: Jack Henningar
|
|
|
Now at SS: Bill Defazio
|
|
|
Now in CF: Hugo Zacarias
|
|
|
Pinch Hitting: RHB Chiel Palstermans
|
0-0: Called Strike 0-1: Called Strike 0-2: Ball 1-2: Foul Ball, location: 2F 1-2: Ball 2-2: Strikes out swinging
|
|
Pinch Hitting: RHB Raul Mendoza
|
0-0: Ball 1-0: Ball 2-0: Foul Ball, location: 2F 2-1: SOLO HOME RUN (Flyball, 7D, EV 111.2 MPH), Distance : 416 ft
|
|
Pinch Hitting: LHB Micah Boshnjaku
|
0-0: Swinging Strike 0-1: Called Strike 0-2: Ball 1-2: Ball 2-2: Ball 3-2: Base on Balls
|
|
Pitching: LHP Caleb Mullinax
|
|
|
Batting: SHB Trevor Weareorwear
|
0-0: Called Strike 0-1: Called Strike 0-2: Ball 1-2: Strikes out swinging
|
|
Batting: RHB Richard Barrios
|
0-0: Called Strike 0-1: Swinging Strike 0-2: Strikes out swinging
|
| Top of the 6th over - 1 run, 1 hit, 0 errors, 1 left on base; Pittsburgh 5 - San Francisco 5 |
| BOTTOM OF THE 6TH |
|
San Francisco Giants batting - Pitching for Pittsburgh Pirates : RHP Doug Rawson
|
|
Pitching: LHP Jimmy Vanthournoutingtonle
|
|
|
Now at 2B: Chris Pozzi
|
|
|
Now at SS: Chiel Palstermans
|
|
|
Now in CF: Micah Boshnjaku
|
|
|
Now in RF: Raul Mendoza
|
|
|
Batting: LHB Jack Henningar
|
0-0: Foul Ball, location: 2F 0-1: Ball 1-1: Foul Ball, location: 2F 1-2: Ball 2-2: Ball 3-2: Ground out 6-3 (Groundball, 6, EV 104.4 MPH)
|
|
Batting: RHB Bill Defazio
|
0-0: Called Strike 0-1: Ball 1-1: Ball 2-1: Foul Ball, location: 2F 2-2: Ground out U3 (Groundball, 3, EV 103.8 MPH)
|
|
Batting: LHB John Blair
|
0-0: Ball 1-0: Called Strike 1-1: Swinging Strike 1-2: Foul Ball, location: 2F 1-2: Strikes out swinging
|
| Bottom of the 6th over - 0 runs, 0 hits, 0 errors, 0 left on base; Pittsburgh 5 - San Francisco 5 |
| TOP OF THE 7TH |
|
Pittsburgh Pirates batting - Pitching for San Francisco Giants : LHP Caleb Mullinax
|
|
Pitching: RHP Lorenzo de Jesus
|
|
|
Batting: RHB Chris Pozzi
|
0-0: Called Strike 0-1: Ball 1-1: Ball 2-1: Foul Ball, location: 2F 2-2: Foul Ball, location: 2F 2-2: Ball 3-2: Foul Ball, location: 2F 3-2: Ground out 5-3 (Groundball, 56, EV 98.8 MPH)
|
|
Batting: RHB Jason Moss
|
0-0: Ball 1-0: Ball 2-0: Fly out, F8 (Flyball, 89D, EV 93.1 MPH)
|
|
Batting: SHB Brad Day
|
0-0: Ball 1-0: Ball 2-0: Called Strike 2-1: Foul Ball, location: 2F 2-2: Ball 3-2: Base on Balls
|
|
Batting: RHB Eisse Bravenboer
|
0-0: Foul Ball, location: 2F 0-1: SINGLE (Groundball, 25, EV 76.2 MPH) (infield hit) Brad Day to second
|
|
Batting: RHB Chiel Palstermans
|
0-0: Ball 1-0: Swinging Strike 1-1: Foul Ball, location: 2F 1-2: Foul Ball, location: 2F 1-2: Ball 2-2: Ground out 6-3 (Groundball, 6S, EV 93.8 MPH)
|
| Top of the 7th over - 0 runs, 1 hit, 0 errors, 2 left on base; Pittsburgh 5 - San Francisco 5 |
| BOTTOM OF THE 7TH |
|
San Francisco Giants batting - Pitching for Pittsburgh Pirates : LHP Jimmy Vanthournoutingtonle
|
|
Pitching: RHP Antonio Alvarez
|
|
|
Batting: RHB John Creel
|
0-0: Ball 1-0: Ball 2-0: Called Strike 2-1: Ball 3-1: Base on Balls
|
|
Batting: LHB Jared Paige
|
0-0: Ball 1-0: Foul Ball, location: 2F 1-1: Ball 2-1: Fly out, F8 (Flyball, 8RM, EV 80.6 MPH)
|
|
Batting: RHB Tyler Mapes
|
0-0: Called Strike 0-1: Foul Ball, location: 2F 0-2: Strikes out swinging
|
|
Batting: RHB Hugo Zacarias
|
0-0: Ball 1-0: Ball John Creel is caught stealing 2nd base 2-4
|
| Bottom of the 7th over - 0 runs, 0 hits, 0 errors, 0 left on base; Pittsburgh 5 - San Francisco 5 |
| TOP OF THE 8TH |
|
Pittsburgh Pirates batting - Pitching for San Francisco Giants : RHP Lorenzo de Jesus
|
|
Pitching: RHP Takashi Kino
|
|
|
Batting: RHB Raul Mendoza
|
0-0: Ball 1-0: Ball 2-0: Ball 3-0: Base on Balls
|
|
Batting: LHB Micah Boshnjaku
|
0-0: Ball Raul Mendoza steals 2nd base 1-0: Intentional Walk
|
|
Batting: SHB Trevor Weareorwear
|
0-0: Foul Ball, location: 2F 0-1: Ball 1-1: Ball 2-1: Ball 3-1: Base on Balls Raul Mendoza to third Micah Boshnjaku to second
|
|
Batting: RHB Richard Barrios
|
0-0: Swinging Strike 0-1: Foul Ball, location: 2F 0-2: Foul Ball, location: 2F 0-2: Foul Ball, location: 2F 0-2: Ball 1-2: Strikes out swinging
|
|
Batting: RHB Chris Pozzi
|
0-0: Foul Ball, location: 2F 0-1: SINGLE (Line Drive, 8RS, EV 94.4 MPH) Raul Mendoza scores Micah Boshnjaku to third Trevor Weareorwear to second
|
|
Pinch Hitting: LHB Jorge Quintana
|
0-0: Swinging Strike 0-1: Ball 1-1: Ball 2-1: Ball 3-1: SINGLE (Groundball, 4, EV 99.4 MPH) Micah Boshnjaku scores Trevor Weareorwear to third Chris Pozzi to second
|
|
Pitching: RHP Curt Howland
|
|
|
Batting: SHB Brad Day
|
0-0: Ball 1-0: Foul Ball, location: 2F 1-1: SINGLE (Groundball, 3, EV 98.1 MPH) Trevor Weareorwear scores Chris Pozzi to third Jorge Quintana to second Runner from 3rd tries for Home, SAFE, throw by RF to home
|
|
Pinch Hitting: RHB Etsuro Hosokawa
|
0-0: Called Strike 0-1: Swinging Strike 0-2: Strikes out swinging
|
|
Batting: RHB Chiel Palstermans
|
0-0: Ball 1-0: Called Strike 1-1: Called Strike 1-2: Ground out 3-1 (Groundball, 34, EV 108.8 MPH)
|
| Top of the 8th over - 4 runs, 3 hits, 0 errors, 2 left on base; Pittsburgh 9 - San Francisco 5 |
| BOTTOM OF THE 8TH |
|
San Francisco Giants batting - Pitching for Pittsburgh Pirates : RHP Antonio Alvarez
|
|
Pitching: RHP Robby Poyfair
|
|
|
Now at 1B: Etsuro Hosokawa
|
|
|
Now in LF: Jorge Quintana
|
|
|
Batting: RHB Hugo Zacarias
|
0-0: Ball 1-0: Foul Ball, location: 2F 1-1: Foul Ball, location: 2F 1-2: Ball 2-2: Foul Ball, location: 2F 2-2: Strikes out swinging
|
|
Batting: RHB Sean Zielinski
|
0-0: Called Strike 0-1: Ball 1-1: Ball 2-1: Swinging Strike 2-2: Ball 3-2: SINGLE (Groundball, 56S, EV 70.6 MPH) (infield hit)
|
|
Batting: RHB Nick Wicker
|
0-0: Ball 1-0: Called Strike 1-1: Grounds into double play, 4-6-3 (Groundball, 4, EV 108.1 MPH)
|
| Bottom of the 8th over - 0 runs, 1 hit, 0 errors, 0 left on base; Pittsburgh 9 - San Francisco 5 |
| TOP OF THE 9TH |
|
Pittsburgh Pirates batting - Pitching for San Francisco Giants : RHP Curt Howland
|
|
Pitching: LHP Chris Moris
|
|
|
Pinch Hitting: LHB Marc Carter
|
0-0: Ball 1-0: Fly out, F6 (Popup, 6M, EV 76.2 MPH)
|
|
Batting: LHB Micah Boshnjaku
|
0-0: Ball 1-0: Swinging Strike 1-1: Ball 2-1: Ball 3-1: SOLO HOME RUN (Flyball, 9LD, EV 91.9 MPH), Distance : 353 ft
|
|
Batting: SHB Trevor Weareorwear
|
0-0: Foul Ball, location: 2F 0-1: Ball 1-1: Swinging Strike 1-2: Strikes out looking
|
|
Batting: RHB Richard Barrios
|
0-0: SINGLE (Line Drive, 7S, EV 111.9 MPH)
|
|
Batting: RHB Chris Pozzi
|
0-0: Ball 1-0: Ball 2-0: Fly out, F7 (Line Drive, 7LM, EV 86.9 MPH)
|
| Top of the 9th over - 1 run, 2 hits, 0 errors, 1 left on base; Pittsburgh 10 - San Francisco 5 |
| BOTTOM OF THE 9TH |
|
San Francisco Giants batting - Pitching for Pittsburgh Pirates : RHP Robby Poyfair
|
|
Pitching: RHP Jeremy Kennie
|
|
|
Now in RF: Marc Carter
|
|
|
Batting: LHB Jack Henningar
|
0-0: Ball 1-0: Foul Ball, location: 2F 1-1: Ball 2-1: Ball 3-1: SOLO HOME RUN (Flyball, 9LD, EV 90.6 MPH), Distance : 338 ft
|
|
Batting: RHB Bill Defazio
|
0-0: Called Strike 0-1: Called Strike 0-2: Strikes out looking
|
|
Batting: LHB John Blair
|
0-0: Ball 1-0: Fly out, F5 (Popup, 25F, EV 87.5 MPH)
|
|
Batting: RHB John Creel
|
0-0: Called Strike 0-1: Foul Ball, location: 2F 0-2: Fly out, F8 (Flyball, 8RM, EV 88.1 MPH)
|
| Bottom of the 9th over - 1 run, 1 hit, 0 errors, 0 left on base; Pittsburgh 10 - San Francisco 6 |
|